 Dungeon Crawl Stone Soup version 0.28.0-43-g3370ac3207 (webtiles) character file.

Game seed: 4115091453577248894

51 Zankyou the Firebug (level 3, -6/19 HPs)
             Began as a Deep Elf Fire Elementalist on Mar 8, 2022.
             Mangled by a gnoll
             ... wielding a +0 spear
              (7 damage)
             ... on level 3 of the Dungeon.
             The game lasted 00:02:57 (2428 turns).

Zankyou the Firebug (Deep Elf Fire Elementalist)    Turns: 2428, Time: 00:02:58

Health: -6/19      AC:  5    Str:  5    XL:     3   Next: 58%
Magic:  3/10       EV: 13    Int: 21    God:
Gold:   27         SH:  0    Dex: 15    Spells: 3/9 levels left

rFire   . . .      SeeInvis .   (no weapon)
rCold   . . .      Faith    .   (no shield)
rNeg    . . .      Spirit   .   a - +0 robe
rPois   .          Reflect  .   (no helmet)
rElec   .          Harm     .   g - +0 cloak
rCorr   .          Rampage  .   k - +0 pair of gloves
Will    .....                   n - +0 pair of boots
Stlth   ++........              (no amulet)
HPRegen 0.06/turn               (no ring)
MPRegen 0.12/turn               (no ring)

@: no status effects
A: no striking features
a: no special abilities


You were on level 3 of the Dungeon.
You visited 1 branch of the dungeon, and saw 3 of its levels.

You collected 97 gold pieces.
You spent 70 gold pieces at shops.

Inventory:

Armour
 a - a +0 robe (worn)
 g - a +0 cloak (worn)
 k - a +0 pair of gloves (worn)
 n - a +0 pair of boots (worn)
Jewellery
 e - a ring of resist corrosion
Scrolls
 c - a scroll of teleportation {unknown}
 f - 5 scrolls of identify {unknown}
 h - 2 scrolls of magic mapping {unknown}
 i - 3 scrolls of amnesia {unknown}
 l - 3 scrolls of enchant weapon {unknown}
Potions
 b - a potion of ambrosia {unknown}
 d - a potion of degeneration {unknown}
 j - a potion of resistance {unknown}
 m - a potion of flight {unknown}
 o - a potion of heal wounds
 p - a potion of lignification {unknown}


   Skills:
 + Level 2.9 Dodging
 + Level 2.9 Stealth
 * Level 3.9 Spellcasting
 + Level 1.6 Conjurations
 * Level 3.9 Fire Magic


You had 3 spell levels left.
You knew the following spells:

 Your Spells              Type           Power      Damage    Failure   Level
a - Foxfire               Conj/Fire      60%        2x1d7     3%          1
b - Scorch                Fire           40%        2d7       3%          2
c - Portal Projectile     Hex/Tloc       8%         N/A       36%         3

Your spell library contained the following spells:

 Spells                   Type           Power      Damage    Failure   Level
 Conjure Flame            Conj/Fire      15%        6-21      12%         3
 Inner Flame              Hex/Fire       12%        N/A       16%         3
 Flame Wave               Conj/Fire      15%        2d6       36%         4
 Blade Hands              Tmut           2%         N/A       98%         5
 Excruciating Wounds      Necr           2%         N/A       98%         5


Dungeon Overview and Level Annotations

Branches:
Dungeon (3/15)

Altars:

Shops:
D:3 !


Message History

You conjure some foxfire!
Your foxfire dissipates!
The foxfire hits the gnoll.
The gnoll is almost dead.
Casting: Foxfire (safe; 4% risk of failure)
Confirm with . or Enter, or press ? or * to list all spells.
You conjure some foxfire!
The foxfire hits the gnoll.
The gnoll is lightly wounded.
The foxfire hits the gnoll.
The gnoll is moderately wounded.
Casting: Foxfire (safe; 4% risk of failure)
Confirm with . or Enter, or press ? or * to list all spells.
You conjure some foxfire!
The foxfire hits the gnoll.
The gnoll is almost dead.
The gnoll hits you with a +0 whip.
The foxfire hits the gnoll.
You kill the gnoll!
The gnoll completely misses you. The gnoll barely misses you.
Your magical contamination has completely faded away.
Casting: Foxfire (safe; 3% risk of failure)
Confirm with . or Enter, or press ? or * to list all spells.
You conjure some foxfire!
The gnoll hits you with a +0 whip. The gnoll closely misses you.
Your foxfire dissipates!
The foxfire hits the gnoll.
The gnoll is moderately wounded.
The foxfire hits the gnoll but does no damage.
The gnoll is moderately wounded.
The gnoll hits you with a +0 whip!
* * * LOW HITPOINT WARNING * * *
The gnoll completely misses you. The gnoll barely misses you.
There is a stone staircase leading up here.
Casting: Foxfire (safe; 3% risk of failure)
Confirm with . or Enter, or press ? or * to list all spells.
Flames lash the gnoll.
The gnoll is moderately wounded.
The gnoll's fire resistance burns away.
The gnoll hits you from afar with a +0 spear!
You die...

#.......).......#
#.................
#................# .
#..........####..# ..
##.......∩####..####..#
##..............#......
#..........#...........
#..........#...).......
#.........@.g..!#
#..........g.....#
#..........#........#
##........#########...
##......## ## ########


You could see 2 gnolls.

Vanquished Creatures
  A gnoll (D:3)
  2 dart slugs
  4 ball pythons
  2 bats
  4 endoplasms
  6 goblins
  A hobgoblin (D:2)
  2 quokkas (D:1)
  3 frilled lizards
  4 kobolds
  6 rats
35 creatures vanquished.

Vanquished Creatures (others)
  161 foxfires
161 creatures vanquished.

Grand Total: 196 creatures vanquished

Notes
Turn   | Place    | Note
-------+----------+-------------------------------------------
     0 | D:1      | Zankyou the Deep Elf Fire Elementalist began the quest for
                  | the Orb.
     0 | D:1      | Reached XP level 1. HP: 10/10 MP: 6/6
   372 | D:1      | Reached XP level 2. HP: 15/15 MP: 4/8
   470 | D:1      | Learned a level 2 spell: Scorch
  1569 | D:2      | Reached XP level 3. HP: 19/19 MP: 6/10
  1573 | D:2      | Learned a level 3 spell: Portal Projectile
  2333 | D:3      | Found Diqaot's Distillery.
  2339 | D:3      | Bought a potion of heal wounds for 70 gold pieces
  2428 | D:3      | Mangled by a gnoll

Illustrated notes

Levels and vault maps discovered:
D:1:      dpeg_arrival_another_circle, layout_loops_ring, amethyst_killhole
D:2:      layout_loops_ring, st_stairs_1, chequers_arboretum
D:3:      layout_rooms, nicolae_dithmenos_the_darkroom, serial_shops, shop,
          shapermc_ecumenical_altar_starsandcircs

Action                   || total
-------------------------++-------
 Cast: Foxfire           ||   102
       Scorch            ||     1
Armor: Robe              ||     4
Dodge: Dodged            ||    18
